 Dungeon Sprint DCSS version 0.27-a0-1139-g28e009f8a6 (webtiles) character file.

Game seed: 10515095692634760839

6970 Zeld the Sage (level 11, -12/80 HPs)
             Began as an Octopode Fire Elementalist on May 7, 2021.
             Was a High Priest of Sif Muna.
             Mangled by a thrashing horror (15 damage)
             ... in the Dungeon (Sprint V: "Ziggurat Sprint").
             The game lasted 00:06:53 (2930 turns).

Zeld the Sage (Octopode Fire Elementalist)          Turns: 2930, Time: 00:06:53

Health: -12/80     AC:  1    Str:  7    XL:     11   Next: 7%
Magic:  13/33      EV: 20    Int: 36    God:    Sif Muna [*****.]
Gold:   0          SH:  0    Dex: 23    Spells: 4/28 levels left

rFire    + + .     SeeInvis +   K - staff of fire
rCold    . . .     Faith    .   (no shield)
rNeg     + . .     Spirit   .   (helmet restricted)
rPois    .         Reflect  .   r - amulet of the Four Winds {rN+ Will+++ Clar}
rElec    .         Harm     .   v - +6 ring of intelligence
rCorr    +         Rampage  .   u - +6 ring of intelligence
Will     ++++.     Clarity  +   s - ring of resist corrosion Stlth ++++......NoTele +
                                w - ring "Pent" {rF+ Will+ Int+2 Dex+6}
HPRegen  0.23/turn              x - ring of Haesism {Wiz Dex+5}
MPRegen  0.23/turn              G - ring of magical power
                                F - ring of see invisible
                                (no ring)

@: channeling
A: almost no armour, amphibious, 8 rings, camouflage 1, gelatinous body 1,
(nimble swimmer 1), tentacles
a: Renounce Religion, Channel Magic, Forget Spell, Divine Exegesis


You were in the Dungeon.
You worshipped Sif Muna.
Sif Muna was extremely pleased with you.
You visited 1 branch

Inventory:

Magical Staves
 K - a staff of fire (weapon)
Jewellery
 r - the amulet of the Four Winds (around mantle) {rN+ Will+++ Clar}
   (You found it in the Dungeon)

   [amulet of nothing]

   It protects you from negative energy.
   It protects you against confusion.
   It greatly increases your willpower.
 s - a ring of resist corrosion (on tentacle)
 u - a +6 ring of intelligence (right tentacle)
 v - a +6 ring of intelligence (left tentacle)
 w - the ring "Pent" (on tentacle) {rF+ Will+ Int+2 Dex+6}
   (You found it in the Dungeon)

   [ring of dexterity]

   It affects your intelligence (+2).
   It affects your dexterity (+6).
   It protects you from fire.
   It increases your willpower.
 x - the ring of Haesism (on tentacle) {Wiz Dex+5}
   (You found it in the Dungeon)

   [ring of wizardry]

   It improves your spell success rate.
   It affects your dexterity (+5).
 F - a ring of see invisible (on tentacle)
 G - a ring of magical power (on tentacle)
Wands
 y - a wand of mindburst (7)
 z - a wand of iceblast (5)
 A - a wand of acid (6)
Scrolls
 a - 4 scrolls of amnesia
 g - a scroll of blinking
 h - 7 scrolls of fog
 i - a scroll of holy word
 j - 5 scrolls of identify
 k - 2 scrolls of fear
Potions
 b - 10 potions of curing
 c - 9 potions of heal wounds
 d - 6 potions of haste
 e - 7 potions of magic
 f - 3 potions of berserk rage
 l - 2 potions of brilliance
 m - 2 potions of invisibility
 n - 4 potions of resistance
 p - 5 potions of might
Miscellaneous
 o - a phial of floods
 q - a lightning rod (4/4)
 t - a piece from Xom's chessboard (15/15)
 B - a box of beasts
 C - a tin of tremorstones (2/2)
 D - a tin of tremorstones (2/2)
 E - a box of beasts
 H - a lightning rod (4/4)
 I - a piece from Xom's chessboard (15/15)
 J - a phial of floods


   Skills:
 + Level 9.0 Fighting
 + Level 9.2 Dodging
 - Level 2.6 Stealth
 + Level 9.0 Spellcasting
 + Level 9.6 Conjurations
 * Level 13.5 Fire Magic
 * Level 14.2 Invocations


You had 4 spell levels left.
You knew the following spells:

 Your Spells              Type           Power      Damage    Failure   Level
a - Foxfire               Conj/Fire      100%       2x1d9     0%          1
b - Conjure Flame         Conj/Fire      99%        6-21      1%          3
c - Sticky Flame          Conj/Fire      99%        2d11      1%          4
d - Fireball              Conj/Fire      49%        3d19      1%          5
e - Starburst             Conj/Fire      49%        8x6d14    1%          6
f - Bolt of Magma         Conj/Fire/Erth 41%        4d17      1%          5

Your spell library contained the following spells:

 Spells                   Type           Power      Damage    Failure   Level
 Corona                   Hex            17%        N/A       1%          1
 Ensorcelled Hibernation  Hex/Ice        32%        N/A       1%          2
 Slow                     Hex            16%        N/A       1%          2
 Dazzling Flash           Conj/Hex       100%       N/A       1%          3
 Ignite Poison            Fire/Tmut/Pois 65%        N/A       1%          3
 Inner Flame              Hex/Fire       78%        N/A       1%          3
 Confusing Touch          Hex            16%        N/A       3%          3
 Lesser Beckoning         Tloc           8%         N/A       3%          3
 Portal Projectile        Hex/Tloc       32%        N/A       3%          3
 Tukima's Dance           Hex            16%        N/A       3%          3
 Ice Form                 Ice/Tmut       16%        N/A       11%         4
 Leda's Liquefaction      Hex/Erth       8%         N/A       11%         4
 Passage of Golubria      Tloc           N/A        N/A       11%         4
 Summon Ice Beast         Ice/Summ       16%        N/A       11%         4
 Conjure Ball Lightning   Conj/Air       25%        3x3d7     22%         6
 Manifold Assault         Tloc           16%        N/A       26%         5
 Summon Mana Viper        Hex/Summ       16%        N/A       26%         5
 Ignition                 Fire           53%        3d15      26%         8
 Freezing Cloud           Conj/Ice/Air   19%        6-21      38%         6
 Dispersal                Tloc           8%         N/A       80%         6
 Dragon's Call            Summ           8%         N/A       100%        9


Dungeon Overview and Level Annotations

Branches:
Dungeon (1/1)

Altars:
Ashenzari
Cheibriados
Dithmenos
Elyvilon
Fedhas
Gozag
Hepliaklqana
Kikubaaqudgha
Makhleb
Nemelex Xobeh
Okawaru
Qazlal
Ru
Sif Muna
Trog
Uskayaw
Vehumet
Wu Jian
Xom
Yredelemnul
Zin
The Shining One
Beogh
Jiyva
Lugonu

Annotations:
D 1 transporter


Innate Abilities, Weirdness & Mutations

You cannot wear most types of armour.
You are amphibious.
You can wear up to eight rings at the same time.
Your skin changes colour to match your surroundings (Stealth+).
Your rubbery body absorbs attacks. (AC +1, EV +1)
((You are camouflaged near water. (Stealth+)))
You have tentacles for arms and can constrict up to eight enemies at once.


Message History

Confirm with . or Enter, or press ? or * to list all spells.
You feel a surge of power!
You conjure some foxfire!
The thrashing horror churns violently!
The thrashing horror seems to grow stronger.
The shadow imp shouts, "Go and return not, thou bootless sow-suckled flirt-gill!"
The thrashing horror tramples you!!
* * * LOW HITPOINT WARNING * * *
You hold your ground!
The thrashing horror misses you.
Blink to where?
Press: ? - help, Dir - move target
As you read the scroll of blinking, it crumbles to dust.
The foxfire hits the thrashing horror.
The thrashing horror resists.
The thrashing horror is almost destroyed.
The foxfire hits the thrashing horror.
The thrashing horror resists.
The thrashing horror is almost destroyed.
Casting: Foxfire (safe; 0% risk of failure)
Confirm with . or Enter, or press ? or * to list all spells.
Aiming: Fireball (mildly dangerous; 1% risk of failure)
Press: ? - help, Shift-Dir - straight line, f - shadow imp
Aim: a shadow imp You feel a surge of power!
The fireball explodes!
The fireball engulfs the shadow imp!
The shadow imp is almost dead.
The fireball engulfs the iron imp.
The iron imp completely resists.
Unknown command.
Blink to where?
Press: ? - help, Dir - move target, p - shadow imp
As you read the scroll of blinking, it crumbles to dust.
Casting: Fireball (mildly dangerous; 1% risk of failure)
Confirm with . or Enter, or press ? or * to list all spells.
Aiming: Fireball (mildly dangerous; 1% risk of failure)
Press: ? - help, Shift-Dir - straight line, f - thrashing horror
Aim: a thrashing horror (almost destroyed, strong)
You feel a surge of power!
The fireball explodes!
The fireball engulfs the thrashing horror!
The thrashing horror resists.
The thrashing horror is almost destroyed.
The fireball engulfs the iron imp.
The iron imp completely resists.
The thrashing horror tramples you!
You die...

▓...8©8...▓
▓..)}=}=..▓
▓...))|)..▓
▓.......§.▓
▓....5....▓
▓.........▓
▓...5.....▓
▓.▓.X.).▓.▓
▓..@.©....▓
▓▓▓▓▓▓▓▓▓▓▓


You could see a thrashing horror (strong), an iron imp and a shadow imp.

Vanquished Creatures
  A rakshasa (D)
  A two-headed ogre (D)
  2 death scarabs (D)
  A large abomination (D)
  2 eyes of devastation (D)
  A naga mage (D)
  A rime drake (D)
  A guardian mummy (D)
  A troll (D)
  A jumping spider (D)
  2 slime creatures (D)
  A flying skull (D)
  A neqoxec (D)
  A chaos spawn (D)
  A naga (D)
  A hell hound (D)
  2 water moccasins (D)
  2 swamp drakes (D)
  2 necrophages (D)
  4 ogres (D)
  A phantom (D)
  A scorpion (D)
  2 orc priests (D)
  An orc wizard (D)
  2 mummies (D)
  An adder (D)
  2 white imps (D)
  An ufetubus (D)
  An orc (D)
  A bat skeleton (D)
  2 bat zombies (D)
  An endoplasm (D)
  3 ball pythons (D)
  2 quokka skeletons (D)
50 creatures vanquished.

Vanquished Creatures (others)
  An endoplasm (D)
  2 foxfires (D)
3 creatures vanquished.

Grand Total: 53 creatures vanquished

Notes
Turn   | Place    | Note
-------+----------+-------------------------------------------
     0 | D        | Zeld the Octopode Fire Elementalist began the quest for the
                  | Orb.
     0 | D        | Reached XP level 1. HP: 11/11 MP: 3/3
     1 | D        | Found a blossoming altar of Fedhas.
     2 | D        | Found the +6 Majin-Bo {vamp, MP+6 Int+6}
     2 | D        | Found the +9 heavy crossbow "Sniper" {vorpal, Acc+∞ SInv}
     2 | D        | Found the +10 dark maul {vorpal}
     2 | D        | Found the +15 Maxwell's patent armour {-Cast -Tele rElec
                  | Will+ rCorr}
     2 | D        | Found the +18 shield of the Gong {rElec rN+ Will+ EV-5}
     2 | D        | Found the +14 obsidian axe {vorpal, Drain Fly SInv}
     2 | D        | Found the +7 great mace "Firestarter" {inner flame, rF++}
     2 | D        | Found the +6 shillelagh "Devastator" {shatter}
     2 | D        | Found the +11 plutonium sword {Contam Stlth-}
     2 | D        | Found the +8 lance "Wyrmbane" {slay drac, rPois rF+ rC+
                  | AC+3}
     2 | D        | Found the +9 sword of Zonguldrok {reap}
     2 | D        | Found the +13 scythe of Curses {drain, Drain}
     2 | D        | Found the +5 sword of Power {vorpal}
     2 | D        | Found the +7 mace of Variability {chain chaos}
     2 | D        | Found the +7 Singing Sword {vorpal, sonic wave}
     2 | D        | Found the +8 storm bow {elec, penet}
     3 | D        | Found a transporter.
     3 | D        | Found a viscous altar of Jiyva.
     3 | D        | Found an ancient bone altar of Kikubaaqudgha.
     3 | D        | Found a hazy altar of Hepliaklqana.
     3 | D        | Found a corrupted altar of Lugonu.
     3 | D        | Found an opulent altar of Gozag.
     3 | D        | Found a burning altar of Makhleb.
     5 | D        | Found a sacrificial altar of Ru.
     5 | D        | Found a stormy altar of Qazlal.
     5 | D        | Found a shimmering blue altar of Sif Muna.
     5 | D        | Found an iron altar of Okawaru.
     5 | D        | Found a bloodstained altar of Trog.
     5 | D        | Found a sparkling altar of Nemelex Xobeh.
    36 | D        | Became a worshipper of Sif Muna the Loreminder
    55 | D        | Reached skill level 5 in Fire Magic
    55 | D        | Reached skill level 4 in Invocations
    55 | D        | Reached XP level 2. HP: 17/17 MP: 4/6
    56 | D        | Entered arena 2.
    56 | D        | Noticed a scorpion
    56 | D        | Noticed a jumping spider
    56 | D        | Found a transporter.
    58 | D        | Killed a scorpion
    59 | D        | Reached skill level 1 in Fighting
    59 | D        | Reached skill level 5 in Invocations
    59 | D        | Reached XP level 3. HP: 23/23 MP: 5/8
    59 | D        | Reached XP level 4. HP: 28/28 MP: 5/9
    63 | D        | Killed a jumping spider
    64 | D        | Reached skill level 7 in Invocations
    64 | D        | Reached XP level 5. HP: 6/36 MP: 6/12
    64 | D        | Reached XP level 6. HP: 7/42 MP: 6/13
    68 | D        | Learned a level 3 spell: Conjure Flame
    73 | D        | Learned a level 4 spell: Sticky Flame
    79 | D        | Learned a level 5 spell: Fireball
   643 | D        | Entered arena 3.
   643 | D        | Noticed a swamp drake
   643 | D        | Noticed a rime drake
   643 | D        | Noticed a swamp drake
   643 | D        | Found a transporter.
   644 | D        | Found the amulet of the Four Winds {rN+ Will+++ Clar}
   645 | D        | Killed a swamp drake
   645 | D        | Reached * piety under Sif Muna
   645 | D        | Killed a rime drake
   646 | D        | Reached skill level 5 in Dodging
   646 | D        | Reached skill level 5 in Spellcasting
   646 | D        | Reached skill level 5 in Conjurations
   646 | D        | Reached skill level 9 in Invocations
   646 | D        | Reached XP level 7. HP: 25/49 MP: 3/15
  1069 | D        | Entered arena 4.
  1069 | D        | Found a transporter.
  1070 | D        | Reached ** piety under Sif Muna
  1074 | D        | Reached skill level 5 in Fighting
  1080 | D        | Got the ring of Olet {Fire *Slow +Blink Will+}
  1108 | D        | Entered arena 5.
  1108 | D        | Found a transporter.
  1110 | D        | Reached *** piety under Sif Muna
  1111 | D        | Reached XP level 8. HP: 55/55 MP: 5/16
  1224 | D        | Entered arena 6.
  1224 | D        | Found a transporter.
  1225 | D        | Found the +8 longbow "Zephyr" {speed, Dex+3 SInv}
  1225 | D        | Reached **** piety under Sif Muna
  1228 | D        | Reached skill level 10 in Fire Magic
  1228 | D        | Reached skill level 10 in Invocations
  1327 | D        | Got the ring "Pent" {rF+ Will+ Int+2 Dex+6}
  1330 | D        | Got the ring of Haesism {Wiz Dex+5}
  1660 | D        | Entered arena 7.
  1660 | D        | Noticed a troll
  1660 | D        | Noticed a two-headed ogre
  1662 | D        | Reached ***** piety under Sif Muna
  1662 | D        | Received a gift from Sif Muna
  1663 | D        | Killed a two-headed ogre
  1664 | D        | Reached skill level 11 in Invocations
  1664 | D        | Reached XP level 9. HP: 63/63 MP: 2/19
  1665 | D        | Killed a troll
  1676 | D        | Learned a level 6 spell: Starburst
  1676 | D        | Found a transporter.
  2091 | D        | Entered arena 8.
  2091 | D        | Noticed an eye of devastation
  2091 | D        | Noticed an eye of devastation
  2096 | D        | Killed an eye of devastation
  2097 | D        | Reached skill level 12 in Invocations
  2101 | D        | Killed an eye of devastation
  2101 | D        | Identified Xufaafik's Disquisition on Frigorific
                  | Displacement (Sif Muna gifted it to you in the Dungeon)
  2101 | D        | Received a gift from Sif Muna
  2102 | D        | Reached XP level 10. HP: 32/71 MP: 5/21
  2107 | D        | Found a transporter.
  2290 | D        | Entered arena 9.
  2290 | D        | Noticed a death scarab
  2290 | D        | Noticed a death scarab
  2292 | D        | Killed a death scarab
  2296 | D        | Reached skill level 13 in Invocations
  2297 | D        | Killed a death scarab
  2297 | D        | Identified Sif Muna's Disquisition on Floating Curses (Sif
                  | Muna gifted it to you in the Dungeon)
  2297 | D        | Received a gift from Sif Muna
  2307 | D        | Found a transporter.
  2399 | D        | Got Sif Muna's Compendium of Scorching Creation
  2412 | D        | Learned a level 5 spell: Bolt of Magma
  2509 | D        | Entered arena 10.
  2509 | D        | Noticed a naga mage
  2517 | D        | Killed a naga mage
  2523 | D        | Found a transporter.
  2593 | D        | Got the Catalogue of Destructive Ice
  2913 | D        | Entered arena 11.
  2913 | D        | Noticed a thrashing horror
  2913 | D        | Noticed a large abomination
  2913 | D        | Noticed a rakshasa
  2914 | D        | Identified Sif Muna's Disquisition on Conjuration and
                  | Creation (Sif Muna gifted it to you in the Dungeon)
  2914 | D        | Received a gift from Sif Muna
  2918 | D        | Killed a large abomination
  2920 | D        | HP: 1/73 [unnaturally hard rock wall collision (15)]
  2922 | D        | Found a transporter.
  2923 | D        | Killed a rakshasa
  2924 | D        | Reached skill level 14 in Invocations
  2924 | D        | Reached XP level 11. HP: 31/80 MP: 1/24
  2926 | D        | HP: 2/80 [thrashing horror (24)]
  2930 | D        | Mangled by a thrashing horror

Illustrated notes

Levels and vault maps discovered:
D:        sprint_v [room_start, room_1, room_2, room_3, room_4, room_5, room_6,
          room_7, room_8, room_9, room_10, room_11, room_12, room_13, room_14,
          room_15, room_16, room_17, room_18, room_19, room_20, room_21,
          room_22, room_23, room_24, room_25, room_26, room_27]

Skill      XL: |  1  2  3  4  5  6  7  8  9 10 |
---------------+-------------------------------+-----
Spellcasting   | 3 4 5 7 9 |  9.0
Conjurations   | 3 4 5 6 7 8 9 |  9.6
Fire Magic     | 5 6 7 9 11 12 13 | 13.5
Invocations    | 4 5 7 9 11 12 14 | 14.2
Fighting       | 1 3 4 5 6 7 9 |  9.0
Dodging        | 4 5 7 9 |  9.2
Stealth        | |  2.6

Action                   |  1- 3 |  4- 6 |  7- 9 | 10-12 || total
-------------------------+-------+-------+-------+-------++-------
Melee: Unarmed           |       |       |     5 |       ||     5
       Tentacles         |       |       |     3 |       ||     3
       Constrict         |       |       |     1 |       ||     1
 Cast: Fireball          |       |     2 |    17 |    15 ||    34
       Starburst         |       |       |     1 |     7 ||     8
       Foxfire           |       |       |       |     1 ||     1
Invok: Channel Magic     |       |       |     3 |     3 ||     6
Evoke: Wand              |     2 |     1 |       |       ||     3
       Lightning rod     |       |     3 |     4 |       ||     7
  Use: Potion            |     1 |       |       |     1 ||     2
       Scroll            |       |       |       |     3 ||     3
Dodge: Dodged            |       |     2 |     7 |    11 ||    20

Table legend: (Time is in decaauts)
 A = Elapsed time spent in this place.
 B = Non-inter-level travel time spent in this place.
 C = Inter-level travel time spent in this place.
 D = Time resting spent in this place.
 E = Time spent auto-exploring this place.
 F = Levels seen in this place.
 G = Mean time per level.
                   A        B        C        D        E       F      G
               +--------+--------+--------+--------+--------+-----+--------+
         Total |   2932 |   2932 |      0 |   2609 |      0 |   1 | 2932.0 |
       Dungeon |   2932 |   2932 |      0 |   2609 |      0 |   1 | 2932.0 |
               +--------+--------+--------+--------+--------+-----+--------+

Top non-repeatable levels by time:
       D: 2932 daAuts
